 Dungeon Crawl Stone Soup version 0.28-a0-519-gbfeecf2fc5 (webtiles) character file.

Game seed: 3358787650279276330

7 Woods the Grave Robber (level 1, 0/13 HPs)
             Began as a Demonspawn Necromancer on Sept 23, 2021.
             Slain by a quokka (3 damage)
             ... on level 1 of the Dungeon.
             The game lasted 00:01:19 (378 turns).

Woods the Grave Robber (Demonspawn Necromancer)      Turns: 378, Time: 00:01:20

Health: 0/13       AC:  2    Str:  8    XL:     1   Next: 83%
Magic:  0/3        EV: 12    Int: 16    God:
Gold:   9          SH:  0    Dex: 13    Spells: 2/4 levels left

rFire   . . .      SeeInvis .   (no weapon)
rCold   . . .      Faith    .   (no shield)
rNeg    . . .      Spirit   .   a - +0 robe
rPois   .          Reflect  .   (no helmet)
rElec   .          Harm     .   (no cloak)
rCorr   .          Rampage  .   (no gloves)
Will    .....                   (no boots)
Stlth   ++........              (no amulet)
HPRegen 0.04/turn               (no ring)
MPRegen 0.08/turn               (no ring)

@: no status effects
A: no striking features
a: no special abilities


You were on level 1 of the Dungeon.
You visited 1 branch of the dungeon, and saw 1 of its levels.

You collected 9 gold pieces.

Inventory:

Armour
 a - a +0 robe (worn)
Potions
 b - a potion of mutation {unknown}


   Skills:
 - Level 1.7 Dodging
 - Level 1.7 Stealth
 + Level 2.2 Spellcasting
 + Level 4.6 Necromancy


You had 2 spell levels left.
You knew the following spells:

 Your Spells              Type           Power      Damage    Failure   Level
a - Pain                  Necr           64%        1d7       3%          1
b - Animate Skeleton      Necr           32%        N/A       3%          1

Your spell library contained the following spells:

 Spells                   Type           Power      Damage    Failure   Level
 Vampiric Draining        Necr           8%         2d7       9%          3
 Animate Dead             Necr           8%         N/A       30%         4
 Agony                    Necr           16%        N/A       63%         5


Dungeon Overview and Level Annotations

Branches:
Dungeon (1/15)

Altars:


Message History

You closely miss the quokka. The quokka bites you.
You miss the quokka.
Your ball python skeleton misses the quokka.
Your ball python skeleton barely misses the quokka.
The quokka barely misses you.
You closely miss the quokka. The quokka barely misses you.
Your ball python skeleton bites the quokka but does no damage.
Your ball python skeleton barely misses the quokka.
You closely miss the quokka. The quokka bites you.
* * * LOW HITPOINT WARNING * * *
Your ball python skeleton barely misses the quokka.
Your ball python skeleton misses the quokka.
The quokka barely misses you.
You hit the quokka but do no damage.
Your ball python skeleton barely misses the quokka.
Your ball python skeleton misses the quokka.
The quokka bites your ball python skeleton.
You closely miss the quokka.
Your ball python skeleton bites the quokka but does no damage.
Your ball python skeleton grabs the quokka.
Your ball python skeleton constricts the quokka.
The quokka closely misses you.
Your ball python skeleton bites the quokka.
Your ball python skeleton constricts the quokka.
The quokka struggles to escape constriction.
The quokka struggles to escape constriction.
Your ball python skeleton bites the quokka but does no damage.
Your ball python skeleton constricts the quokka.
The quokka escapes!
You see here a +2 mace of protection.
Casting: Animate Skeleton (safe; 3% risk of failure)
Confirm with . or Enter, or press ? or * to list all spells.
Aiming: Pain (safe; 3% risk of failure)
Press: ? - help, Shift-Dir - straight line, f - quokka
Aim: a quokka (severely wounded, chance to affect: 87%)
The quokka barely resists.
The quokka bites you but does no damage.
The quokka barely misses you. The quokka bites you.
You die...

......#...# ##.###.#
.....†..### #...).#
......#.# ##...## #######.#
##.## ### #.# #.# #.# #.#
#r# #.# #.# #.# #.#
#######.###########.####.#
..............@rr........#
###########.##############.#
......................######
.##.####.####.####.#....##
#...##...##...##...###..#
#.⌠.##.⌠.##.⌠.##.⌠.# ##.#
##...##...##...##...####.#
###.####.####.####.###...#
###.####.####.####.###.⌠.#


You could see 2 quokkas.

Vanquished Creatures
  A ball python (D:1)
  An endoplasm (D:1)
  A goblin (D:1)
  A quokka (D:1)
  A kobold (D:1)
  A rat (D:1)
6 creatures vanquished.

Notes
Turn   | Place    | Note
-------+----------+-------------------------------------------
     0 | D:1      | Woods the Demonspawn Necromancer began the quest for the
                  | Orb.
     0 | D:1      | Reached XP level 1. HP: 13/13 MP: 3/3
   209 | D:1      | Learned a level 1 spell: Animate Skeleton
   378 | D:1      | Slain by a quokka

Illustrated notes

Levels and vault maps discovered:
D:1:      dpeg_arrival_chambers_temple_mockup, layout_basic,
          dreamdust_ecumenical_altar_sealed_demon, minmay_pentomino_t2

Action                   || total
-------------------------++-------
Melee: Unarmed           ||    14
 Cast: Pain              ||    10
       Animate Skeleton  ||     2
Armor: Robe              ||     4
Dodge: Dodged            ||    10

Table legend: (Time is in decaauts)
 A = Elapsed time spent in this place.
 B = Non-inter-level travel time spent in this place.
 C = Inter-level travel time spent in this place.
 D = Time resting spent in this place.
 E = Time spent auto-exploring this place.
 F = Levels seen in this place.
 G = Mean time per level.
                   A        B        C        D        E       F      G
               +--------+--------+--------+--------+--------+-----+--------+
         Total |    378 |    378 |      0 |     69 |    239 |   1 |  378.0 |
       Dungeon |    378 |    378 |      0 |     69 |    239 |   1 |  378.0 |
               +--------+--------+--------+--------+--------+-----+--------+

Top non-repeatable levels by time:
     D:1: 378 daAuts
